Map: Abiogenesis LE

Players

Scarlett

  • Race: Zerg Zerg
  • Spawn Location: 5:00

Serral - Winner!

  • Race: Zerg Zerg
  • Spawn Location: 11:00

Event: IEM Season 12 - PyeongChang

VOD

Have the link to the VOD?

Description

Time

  • Played on: Feb. 5, 2018, 10:53 p.m.
  • Length: 11:34

All games in this series

Show
View Real Time Build Order
Export as new Build Order

Scarlett Zerg 

Build Orders: Hatch First 

Get SALT Encoding   

  12  0:00  Drone  
  13  0:12  Overlord  
  13  0:18  Drone  
  14  0:31  Drone x2  
  14  0:35  Drone  
  17  0:51  Hatchery  
  17  0:55  Drone  
  17  0:57  Drone  
  17  1:00  Extractor  
  17  1:12  Spawning Pool  
  17  1:16  Drone  
  17  1:20  Drone  
  18  1:29  Drone  
  19  1:40  Overlord  
  19  1:59  Queen  
  19  2:00  Zergling x2  
  22  2:01  Zergling x2  
  22  2:04  Metabolic Boost, Zergling x2  
  24  2:11  Zergling x2  
  24  2:15  Zergling x2  
  26  2:22  Zergling x2  
  27  2:44  Drone  
  27  2:46  Drone  
  27  2:47  Roach Warren  
  28  2:51  Hatchery  
  28  2:55  Overlord  
  27  3:13  Drone x3  
  27  3:17  Drone  
  32  3:21  Queen  
  34  3:34  Drone x2  
  35  3:44  Drone x3  
  35  3:53  Drone  
  36  4:04  Queen, Drone x2  
  40  4:14  Drone x2  
  40  4:15  Hatchery  
  41  4:18  Roach Warren  
  41  4:31  Drone x3  
  41  4:37  Overlord  
  43  4:39  Extractor  
  43  4:40  Queen, Extractor  
  43  4:47  Lair  
  43  4:49  Evolution Chamber  
  43  4:50  Drone  
  43  4:52  Overlord  
  43  4:56  Drone x4  
  47  5:04  Drone x3  
  50  5:12  Drone  
  50  5:13  Drone x2  
  53  5:19  Zerg Missile Weapons Level 1  
  53  5:23  Drone x2  
  53  5:25  Overlord  
  53  5:26  Overlord  
  53  5:28  Roach x2  
  59  5:31  Roach  
  61  5:37  Roach x2  
  65  5:44  Overlord  
  65  5:45  Glial Reconstitution  
  65  5:46  Roach  
  66  5:51  Overseer  
  66  5:52  Roach  
  66  5:53  Roach x2  
  66  5:56  Roach  
  74  6:00  Roach  
  74  6:01  Roach  
  74  6:03  Overlord  
  78  6:10  Roach x3  
  84  6:16  Roach x2  
  84  6:17  Overlord  
  88  6:20  Overlord  
  88  6:27  Roach x3  
  94  6:33  Roach  
  94  6:34  Roach  
  98  6:42  Roach x5  
  108  6:52  Roach x3  
  113  7:09  Overlord x2  
  113  7:13  Zerg Missile Weapons Level 2  
  113  7:15  Evolution Chamber  
  112  7:17  Drone x2  
  112  7:22  Drone x2  
  114  7:26  Overlord  
  114  7:28  Drone x8  
  114  7:29  Drone x5  
  127  7:33  Extractor  
  127  7:35  Ravager x2, Extractor  
  127  7:36  Ravager x2  
  129  7:37  Overlord  
  129  7:41  Zerg Ground Armor Level 1  
  129  7:46  Overlord  
  130  7:51  Drone x3  
  130  7:54  Drone  
  130  7:55  Overlord x2, Drone  
  134  8:05  Roach x5  
  144  8:12  Extractor  
  144  8:15  Roach  
  144  8:16  Roach x5  
  144  8:19  Roach x2  
  159  8:24  Roach x2  
  163  8:29  Roach x3  
  163  8:30  Overlord  
  169  8:40  Overlord, Unknown  
  169  8:49  Roach x2  
  169  8:50  Roach x2  
  169  8:52  Overseer  
  146  9:17  Overseer  
  146  9:19  Roach x9  
  146  9:20  Overseer  
  144  9:25  Roach x9  
  144  9:29  Roach  
  147  9:38  Roach x5  
  130  9:48  Roach x2  
  125  9:54  Roach x2  
  125  9:56  Pneumatized Carapace  
  125  10:01  Drone x3  
  127  10:10  Drone x2  
  127  10:11  Drone  
  127  10:17  Drone x3  
  127  10:18  Queen  
  129  10:37  Roach x6  
  129  10:40  Ravager x5  
  129  10:41  Ravager  
  147  10:43  Roach  
  147  10:44  Roach x4  
  157  10:51  Hatchery  
  157  10:52  Roach  
  158  10:58  Roach x2  
  158  11:01  Ravager x8  
  158  11:02  Overlord  
  170  11:11  Roach  
  170  11:12  Roach x3  
  170  11:14  Roach  
Show
View Real Time Build Order
Export as new Build Order

Serral Zerg - Winner!

Build Orders: Pool First 

Get SALT Encoding   

  12  0:17  Spawning Pool  
  11  0:22  Drone  
  11  0:26  Drone  
  13  0:31  Drone  
  14  0:40  Overlord  
  14  1:03  Zergling x4  
  16  1:05  Zergling x2  
  17  1:15  Zergling x2  
  18  1:19  Hatchery  
  17  1:26  Zergling x2  
  18  1:34  Queen  
  18  1:39  Zergling x2  
  21  1:47  Overlord  
  21  1:58  Drone  
  22  2:09  Drone  
  22  2:10  Queen  
  25  2:21  Drone  
  26  2:31  Queen, Drone x2  
  30  2:41  Drone  
  30  2:43  Overlord  
  31  2:44  Drone  
  32  2:55  Spine Crawler  
  32  2:58  Drone  
  32  3:05  Drone x3  
  35  3:14  Overlord  
  35  3:16  Drone  
  35  3:21  Overlord  
  35  3:22  Drone x2  
  37  3:32  Drone x2  
  37  3:37  Drone x2, Extractor x2  
  37  3:44  Drone x2  
  37  3:46  Overlord  
  37  3:54  Roach Warren  
  36  3:57  Overlord  
  36  4:05  Drone x2  
  38  4:12  Overlord  
  38  4:17  Drone x3  
  38  4:20  Evolution Chamber  
  40  4:24  Drone x2  
  43  4:33  Overlord  
  43  4:34  Roach Warren  
  43  4:35  Drone x3  
  44  4:43  Drone x2  
  44  4:44  Drone  
  47  4:46  Zerg Missile Weapons Level 1  
  47  4:52  Lair  
  46  4:58  Drone x3  
  49  5:00  Extractor  
  49  5:05  Queen  
  50  5:13  Roach x2  
  50  5:14  Roach x2  
  58  5:24  Hatchery  
  57  5:29  Roach x2  
  61  5:35  Drone  
  61  5:36  Drone x4  
  61  5:40  Overlord  
  67  5:43  Hatchery  
  67  5:44  Drone  
  67  5:48  Overlord  
  67  5:52  Glial Reconstitution  
  67  5:55  Drone x2  
  69  5:58  Drone x3  
  69  5:59  Overseer  
  69  6:03  Drone  
  73  6:09  Overlord  
  73  6:11  Roach  
  75  6:17  Overlord  
  75  6:23  Extractor  
  74  6:28  Drone x4  
  74  6:30  Roach  
  74  6:31  Roach x2  
  84  6:39  Roach x2  
  88  6:46  Overlord  
  88  6:47  Roach x2  
  92  6:51  Overlord  
  92  6:52  Roach x3  
  98  7:01  Roach  
  99  7:09  Zerg Missile Weapons Level 2  
  99  7:10  Overlord  
  99  7:11  Roach x2  
  103  7:22  Roach x6  
  115  7:26  Overseer  
  115  7:28  Overlord  
  115  7:32  Tunneling Claws, Burrow  
  115  7:33  Roach  
  115  7:34  Roach  
  119  7:37  Overlord  
  119  7:42  Roach  
  121  7:45  Roach x2  
  125  7:57  Roach x3  
  131  8:00  Extractor  
  131  8:01  Drone x3  
  133  8:12  Overlord  
  133  8:14  Drone x2  
  133  8:17  Overlord, Roach x2  
  133  8:18  Roach x2  
  143  8:21  Roach  
  143  8:26  Overlord  
  143  8:27  Hatchery, Roach  
  144  8:32  Roach  
  144  8:33  Roach x3  
  154  8:36  Overlord  
  154  8:38  Roach x2  
  158  8:42  Overlord  
  158  8:46  Roach x4  
  166  8:49  Roach x6  
  166  8:53  Roach x4  
  166  8:54  Roach x2  
  172  8:59  Roach x19  
  172  9:00  Roach x4  
  174  9:04  Roach x3  
  174  9:06  Roach x4  
  152  9:19  Roach x8  
  152  9:20  Roach  
  154  9:26  Roach x4  
  148  9:37  Roach x5  
  148  9:38  Roach x4  
  148  9:44  Roach x2  
  148  9:45  Roach x3  
  146  9:49  Roach x3  
  146  9:50  Roach x3  
  126  9:53  Roach x2  
  126  9:54  Roach x5  
  134  10:04  Roach x6  
  142  10:11  Roach  
  140  10:19  Roach x5  
  144  10:23  Roach  
  144  10:27  Overlord  
  144  10:29  Roach x4  
  150  10:36  Drone x2  
  150  10:39  Ravager x4  
  154  10:45  Roach x6  
  166  10:53  Roach x4  
  166  10:55  Overseer  
  174  11:05  Drone x3  
  174  11:06  Drone, Extractor  
  174  11:07  Drone, Roach x2  
  182  11:14  Roach x4  

Tags
 
Add a new tag
Caveats
  • Supply blocks, unpowered buildings, or Contaminate may cause inaccurate times.
  • Supply counts are checked every 10 seconds.